 Dungeon Crawl Stone Soup version 0.28-a0-751-gef3a642a4e (webtiles) character file.

Game seed: 4288916901767382636

5544 funkygono the Thaumaturge (level 10, -3/53 HPs)
             Began as a Gargoyle Fire Elementalist on Oct 30, 2021.
             Was an Initiate of Vehumet.
             Slain by a slime creature (15 damage)
             ... on level 9 of the Dungeon.
             The game lasted 00:19:44 (9866 turns).

funkygono the Thaumaturge (GrFE)                    Turns: 9866, Time: 00:19:45

Health: -3/53      AC: 28    Str: 12    XL:     10   Next: 71%
Magic:  16/22      EV: 11    Int: 19    God:    Vehumet [......]
Gold:   789        SH:  0    Dex: 16    Spells: 16/26 levels left

rFire   + . .      SeeInvis .   n - +2 flail (protect)
rCold   . . .      Faith    .   (no shield)
rNeg    + . .      Spirit   .   s - +3 ring mail
rPois   ∞          Reflect  .   g - +0 helmet
rElec   +          Harm     .   F - +2 cloak
rCorr   .          Rampage  .   w - +1 pair of gloves {Stlth+}
Will    .....                   m - +0 pair of boots
Stlth   ++........              b - amulet "Xurch" {RegenMP rF+}
HPRegen 0.17/turn               a - +4 ring of protection
MPRegen 0.43/turn               f - +6 ring of dexterity

@: no status effects
A: sickness immunity, AC +7, negative energy resistance 1, electricity
resistance, torment resistance 1, petrification resistance
a: Renounce Religion


You were on level 9 of the Dungeon.
You worshipped Vehumet.
Vehumet was noncommittal.
You visited 2 branches of the dungeon, and saw 10 of its levels.
You also visited: Ossuary.

You collected 789 gold pieces.

Inventory:

Hand Weapons
 h - a +2 vorpal mace
 i - a +0 mace
 l - a +6 morningstar
 n - a +2 flail of protection (weapon)
 v - a +0 whip of freezing
 D - the +9 flail of Satyriasis {holy, rF+}
   (You found it on level 8 of the Dungeon)

   It has been blessed by the Shining One to cause great damage to the undead
   and demons.
   rF:        It protects you from fire.
 E - a +3 quarterstaff of chaos
Missiles
 d - 309 stones
Armour
 g - a +0 helmet (worn)
 m - a +0 pair of boots (worn)
 s - a +3 ring mail (worn)
 w - a +1 pair of gloves of stealth (worn)
 x - +0 steam dragon scales
 B - a +3 leather armour
 F - a +2 cloak (worn)
Magical Staves
 C - a staff of earth
 H - a staff of death
Jewellery
 a - a +4 ring of protection (left hand)
 b - the amulet "Xurch" (around neck) {RegenMP rF+}
   (You acquired it on level 1 of the Dungeon)

   [amulet of magic regeneration]

   It increases your rate of magic regeneration.
   rF:        It protects you from fire.
 f - a +6 ring of dexterity (right hand)
Wands
 G - a wand of iceblast (4)
Scrolls
 o - 4 scrolls of identify
 q - a scroll of fog
 r - 4 scrolls of teleportation
 y - a scroll of acquirement
Potions
 c - 4 potions of curing
 e - 2 potions of berserk rage
 k - 3 potions of flight
 p - 2 potions of lignification
 t - 3 potions of haste
 u - 4 potions of attraction
 z - 3 potions of might
 A - a potion of brilliance
 I - a potion of mutation
Miscellaneous
 j - a piece from Xom's chessboard (15/15)


   Skills:
 + Level 2.2 Fighting
 + Level 3.4 Maces & Flails
 + Level 4.7 Armour
 + Level 2.8 Dodging
 - Level 2.1 Stealth
 * Level 8.7 Spellcasting
 * Level 7.4 Conjurations
 * Level 8.7 Fire Magic


You had 16 spell levels left.
You knew the following spells:

 Your Spells              Type           Power      Damage    Failure   Level
a - Foxfire               Conj/Fire      100%       2x1d9     1%          1
b - Scorch                Fire           82%        2d9       1%          2
c - Conjure Flame         Conj/Fire      39%        6-21      1%          3
d - Flame Wave            Conj/Fire      39%        3d8       6%          4

Your spell library contained the following spells:

 Spells                   Type           Power      Damage    Failure   Level
 Inner Flame              Hex/Fire       24%        N/A       9%          3
 Pain                     Necr           32%        1d5       19%         1
 Ensorcelled Hibernation  Hex/Ice        16%        N/A       26%         2
 Gell's Gravitas          Tloc           4%         N/A       47%         3
 Spider Form              Tmut/Pois      4%         N/A       47%         3
 Teleport Other           Tloc           8%         N/A       47%         3
 Petrify                  Tmut/Erth      8%         N/A       87%         4
 Agony                    Necr           8%         N/A       99%         5
 Excruciating Wounds      Necr           4%         N/A       99%         5
 Metabolic Englaciation   Hex/Ice        4%         N/A       99%         5
 Dispersal                Tloc           4%         N/A       100%        6
 Statue Form              Tmut/Erth      Unusable   N/A       N/A         6

Dungeon Overview and Level Annotations

Branches:
Dungeon (9/15)             Temple (1/1) D:5         Ossuary (visited)
   Lair: D:8-11         Orc: D:9-12

Altars:
Cheibriados
Dithmenos
Elyvilon
Fedhas
Gozag
Hepliaklqana
Kikubaaqudgha
Makhleb
Nemelex Xobeh
Okawaru
Qazlal
Ru
Sif Muna
Trog
Uskayaw
Vehumet
Wu Jian
Xom
Yredelemnul
Zin
The Shining One

Shops:
D:8 (

Annotations:
D:7 3 runed translucent doors, Ska's ghost, novice FeBe


Innate Abilities, Weirdness & Mutations

You are immune to sickness and miasma.
Your stone body is resilient. (AC +7)
You are immune to poison.
You resist negative energy. (rN+)
You are resistant to electric shocks. (rElec)
You are resistant to unholy torment.
You are immune to petrification.


Message History

Confirm with . or Enter, or press ? or * to list all spells.
You conjure some foxfire!
The foxfire hits the slime creature.
The slime creature is heavily wounded.
The foxfire hits the slime creature!
The slime creature is severely wounded.
Two slime creatures merge to form an enormous slime creature.
The slime creature barely misses you.
The foxfire hits the slime creature.
The slime creature is severely wounded.
The foxfire hits the slime creature.
The slime creature is severely wounded.
Casting: Foxfire (safe; 1% risk of failure)
Confirm with . or Enter, or press ? or * to list all spells.
You conjure some foxfire!
The slime creature hits you!
An enormous slime creature splits.
Casting: Foxfire (safe; 1% risk of failure)
Confirm with . or Enter, or press ? or * to list all spells.
You conjure some foxfire!
The foxfire hits the slime creature.
The slime creature is severely wounded.
The foxfire hits the large slime creature.
The large slime creature is lightly wounded.
The slime creature hits you.
The large slime creature hits you but does no damage.
The large slime creature hits you!
* * * LOW HITPOINT WARNING * * *
Your foxfire dissipates!
The foxfire hits the slime creature but does no damage.
The slime creature is severely wounded.
Two slime creatures merge to form an enormous slime creature.
Casting: Foxfire (safe; 1% risk of failure)
Confirm with . or Enter, or press ? or * to list all spells.
You conjure some foxfire!
The slime creature hits you but does no damage.
An enormous slime creature splits.
Your foxfire dissipates!
The foxfire hits the slime creature!
The slime creature is almost dead.
A large slime creature splits.
The slime creature hits you!
You die...

###.###.'..# #...
#§....#.#### #...
###.....#.# #...
#...._....# ###'
#.#.....### #.
#.#○...°### #.
#.###.###.#########
#.#JJ.....'......#.
#.@JJ.....######.#.
###.......# #.'J
#.......# ###J
+.......# #.
#.......# #.
#.......# #.
#.......# #.
##'###### ## #.# #


You could see a large slime creature and 3 slime creatures.

Vanquished Creatures
  Erica (D:8)
  Pikel (D:5)
  A hornet (D:6)
  Prince Ribbit (D:7)
  A slime creature (D:9)
  Sigmund (D:6)
  A vampire (D:6)
  A wraith (D:9)
  A steam dragon (D:8)
  A sky beast (D:6)
  A hornet zombie (D:8)
  5 ice beasts
  A black bear (D:5)
  A necrophage (D:4)
  2 orc warriors
  4 ogres
  3 centaurs
  A lemure (D:6)
  2 phantoms (D:5)
  A bullfrog (D:7)
  2 scorpions
  A water moccasin zombie (D:3)
  4 killer bees (D:8)
  A water moccasin skeleton (D:6)
  4 wights (D:7)
  A bullfrog zombie (D:6)
  A centaur zombie (D:7)
  5 hounds
  Crazy Yiuf (D:7)
  3 orc priests (D:7)
  2 jellies
  A bullfrog skeleton (D:4)
  Jessica (D:2)
  Terence (D:2)
  4 orc wizards
  Natasha (thrice) (D:2)
  3 iguanas
  A killer bee zombie (D:8)
  2 hound skeletons (D:4)
  8 mummies (Ossuary)
  8 adders
  2 river rats (D:6)
  A shadow imp (D:5)
  2 worms
  2 dart slugs
  19 orcs
  2 bats (D:1)
  7 endoplasms
  2 giant cockroaches (D:2)
  A gnoll zombie (Ossuary)
  3 goblins (D:1)
  4 hobgoblins
  10 jackals
  5 quokkas
  8 ball pythons
  3 frilled lizards
  3 hobgoblin zombies (Ossuary)
  3 kobolds
  3 kobold zombies (Ossuary)
  An orc zombie (Ossuary)
  A quokka skeleton (D:4)
  A rat (D:6)
  2 butterflies (D:3)
173 creatures vanquished.

Vanquished Creatures (others)
  688 foxfires
  A plant (D:7)
689 creatures vanquished.

Grand Total: 862 creatures vanquished

Notes
Turn   | Place    | Note
-------+----------+-------------------------------------------
     0 | D:1      | funkygono the Gargoyle Fire Elementalist began the quest
                  | for the Orb.
     0 | D:1      | Reached XP level 1. HP: 10/10 MP: 3/3
   475 | D:1      | Reached XP level 2. HP: 15/15 MP: 3/5
   478 | D:1      | Learned a level 2 spell: Scorch
  1194 | D:1      | Identified a scroll of acquirement
  1194 | D:1      | Acquired the amulet "Xurch" {RegenMP rF+}
  1332 | D:2      | Noticed Natasha
  1333 | D:2      | Reached XP level 3. HP: 19/19 MP: 1/6
  1334 | D:2      | Killed Natasha
  1502 | D:2      | Reached XP level 4. HP: 22/24 MP: 3/8
  1509 | D:2      | Learned a level 3 spell: Conjure Flame
  1527 | D:2      | Found a faded altar of an unknown god.
  1686 | D:2      | Noticed Natasha
  1696 | D:2      | Killed Natasha
  1748 | D:2      | Noticed Jessica
  1753 | D:2      | Killed Jessica
  1754 | D:2      | Reached XP level 5. HP: 26/28 MP: 4/9
  1795 | D:2      | Noticed Terence
  1809 | D:2      | Killed Terence
  2017 | D:2      | Noticed Natasha
  2168 | D:2      | Killed Natasha
  2179 | D:2      | Learned a level 4 spell: Flame Wave
  2396 | D:3      | Found a shimmering altar of Xom.
  2771 | D:3      | Reached XP level 6. HP: 32/32 MP: 5/10
  3026 | D:3      | Noticed an ice beast
  3034 | D:3      | Killed an ice beast
  3035 | D:3      | Reached skill level 1 in Armour
  3227 | D:4      | Reached XP level 7. HP: 36/36 MP: 10/13
  3432 | D:4      | Reached skill level 5 in Fire Magic
  3857 | D:4      | Found an iron altar of Okawaru.
  4083 | D:5      | Entered Level 5 of the Dungeon
  4114 | D:5      | Reached skill level 1 in Maces & Flails
  4283 | D:5      | Reached skill level 5 in Spellcasting
  4283 | D:5      | Reached XP level 8. HP: 41/41 MP: 7/15
  4431 | D:5      | Found a staircase to the Ecumenical Temple.
  4440 | Temple   | Entered the Ecumenical Temple
  4620 | D:5      | Reached skill level 5 in Conjurations
  4891 | D:6      | Noticed Pikel
  4925 | D:5      | Killed Pikel
  4926 | D:5      | Reached XP level 9. HP: 26/45 MP: 7/18
  5019 | D:6      | Noticed a hornet
  5026 | D:6      | Killed a hornet
  5075 | D:6      | Found a bloodstained altar of Trog.
  5127 | D:6      | Found a sand-covered staircase.
  5127 | D:6      | Noticed Sigmund
  5136 | D:6      | Killed Sigmund
  5144 | Ossuary  | Entered an ossuary
  6849 | D:7      | Reached skill level 1 in Fighting
  6899 | D:7      | Reached XP level 10. HP: 37/52 MP: 10/21
  7094 | D:7      | Noticed Prince Ribbit
  7099 | D:7      | Killed Prince Ribbit
  7457 | D:7      | Found a radiant altar of Vehumet.
  7462 | D:7      | Became a worshipper of Vehumet
  7541 | D:7      | Found a snail-covered altar of Cheibriados.
  7974 | D:7      | Found an opulent altar of Gozag.
  7975 | D:7      | Found a white marble altar of Elyvilon.
  7986 | D:7      | Found a runed translucent gate.
  7986 | D:7      | Found a runed translucent gate.
  7986 | D:7      | Found a runed translucent gate.
  7989 | D:7      | Noticed Ska's ghost (novice FeBe)
  8104 | D:7      | Found a runed translucent door.
  8105 | D:7      | Noticed Crazy Yiuf
  8111 | D:7      | Killed Crazy Yiuf
  8382 | D:8      | Found Pithis's Weapon Shoppe.
  8483 | D:8      | Identified the +9 flail of Satyriasis {holy, rF+}
  8671 | D:8      | Noticed Erica
  8679 | D:8      | Killed Erica
  9758 | D:9      | Found a stormy altar of Qazlal.
  9866 | D:9      | Slain by a slime creature

Illustrated notes

Levels and vault maps discovered:
D:1:      dpeg_arrival_castle, layout_basic, kennysheep_decorative_pillar,
          minmay_curled_crystal
D:2:      layout_loops_ring, shapermc_ecumenical_altar_petra,
          chequers_serial_rivers_small_b, chequers_arboretum, uniq_jessica,
          uniq_natasha, uniq_terence
D:3:      layout_basic, xom_butterflies
D:4:      layout_loops_ring, kennysheep_mini, chequers_garden
D:5:      layout_loops_cross, temple_pool_b
D:6:      minmay_chambers_of_fours, layout_loops_cross,
          trog_three_pillars_becter, portal_sewer_entry_b,
          nicolae_ossuary_entry_monument, uniq_pikel, uniq_sigmund
D:7:      layout_layer_cave, mainiacjoe_overflow_chevrons,
          kennysheep_slug_shrine, mainiacjoe_overflow_divided_tiny,
          biasface_ghost_orc_armoury, serial_bayou_pond_e,
          uniq_crazy_yiuf_cottage, uniq_prince_ribbit1
D:8:      layout_basic, serial_shops, kennysheep_little_box,
          minmay_statues_item, uniq_erica
D:9:      layout_roguey, grunt_qazlal_clouds
Temple:   nicolae_temple_god_jail

Skill      XL: |  1  2  3  4  5  6  7  8  9 10 |
---------------+-------------------------------+-----
Fire Magic     | 4 5 6 7 8 |  8.7
Conjurations   | 2 3 4 5 6 7 |  7.4
Spellcasting   | 3 4 5 6 7 8 |  8.7
Dodging        | 2 |  2.8
Armour         | 1 2 3 4 |  4.7
Maces & Flails | 1 2 3 |  3.4
Fighting       | 1 2 |  2.2
Stealth        | |  2.1

Action                   |  1- 3 |  4- 6 |  7- 9 | 10-12 || total
-------------------------+-------+-------+-------+-------++-------
Melee: Club              |     6 |       |       |       ||     6
       Mace              |     6 |    18 |       |       ||    24
       Flail             |       |    24 |    78 |    53 ||   155
 Cast: Foxfire           |    40 |    63 |   204 |   114 ||   421
       Scorch            |     1 |    13 |    51 |    16 ||    81
       Flame Wave        |       |       |       |     1 ||     1
  Use: Scroll            |     2 |     6 |     7 |     2 ||    17
Armor: Robe              |     7 |     4 |       |       ||    11
       Leather armour    |       |    19 |    68 |     8 ||    95
       Ring mail         |       |       |       |    72 ||    72
Dodge: Dodged            |     7 |    43 |    78 |    81 ||   209

Table legend: (Time is in decaauts)
 A = Elapsed time spent in this place.
 B = Non-inter-level travel time spent in this place.
 C = Inter-level travel time spent in this place.
 D = Time resting spent in this place.
 E = Time spent auto-exploring this place.
 F = Levels seen in this place.
 G = Mean time per level.
                   A        B        C        D        E       F      G
               +--------+--------+--------+--------+--------+-----+--------+
         Total |   9945 |   9655 |    290 |   1094 |   6525 |  11 |  904.1 |
       Dungeon |   9601 |   9326 |    275 |   1092 |   6307 |   9 | 1066.8 |
        Temple |     71 |     57 |     14 |      0 |     50 |   1 |   71.0 |
       Ossuary |    272 |    272 |      0 |      2 |    168 |   1 |  272.0 |
               +--------+--------+--------+--------+--------+-----+--------+

Top non-repeatable levels by time:
     D:6: 1670 daAuts
     D:7: 1413 daAuts
     D:8: 1341 daAuts
     D:1: 1240 daAuts
     D:4: 972 daAuts
     D:2: 962 daAuts
     D:3: 936 daAuts
     D:5: 771 daAuts
     D:9: 293 daAuts
 Ossuary: 272 daAuts
  Temple: 71 daAuts
